 Dungeon Crawl Stone Soup version 0.28.0-62-gf88900778d (webtiles) character file.

Game seed: 4658354574129751737

1980 cbfl8 the Cleaver (level 9, -3/75 HPs)
             Began as a Minotaur Fighter on May 4, 2023.
             Was an Initiate of Yredelemnul.
             Succumbed to a killer bee's poison
             ... on level 7 of the Dungeon.
             The game lasted 00:08:09 (6963 turns).

cbfl8 the Cleaver (Minotaur Fighter)                Turns: 6963, Time: 00:08:09

Health: -3/75      AC:  9    Str: 22    XL:     9   Next: 1%
Magic:  8/8        EV: 10    Int:  5    God:    Yredelemnul [......]
Gold:   240        SH:  5    Dex: 13    Spells: 8/8 levels left

rFire   + + .      SeeInvis .   a - +0 war axe
rCold   . . .      Faith    .   c - +0 buckler
rNeg    . . .      Spirit   .   b - +0 scale mail
rPois   .          Reflect  .   (helmet restricted)
rElec   .          Harm     .   g - scarf {rC+ rF+}
rCorr   +          Rampage  .   (no gloves)
Will    .....                   r - +0 pair of boots
Stlth   ..........              (no amulet)
HPRegen 0.22/turn               m - ring of fire
MPRegen 0.11/turn               v - ring of resist corrosion

@: lethally poisoned (-3 -> -17)
A: horns 2, retaliatory headbutt
a: Renounce Religion, Recall Undead Harvest


You were on level 7 of the Dungeon.
You worshipped Yredelemnul.
Yredelemnul was noncommittal.
You visited 1 branch of the dungeon, and saw 7 of its levels.

You collected 292 gold pieces.
You spent 52 gold pieces at shops.

Inventory:

Hand Weapons
 a - a +0 war axe (weapon)
Missiles
 j - a throwing net
Armour
 b - a +0 scale mail (worn)
 c - a +0 buckler (worn)
 g - a scarf of resistance (worn)
 r - a +0 pair of boots (worn)
Jewellery
 m - a ring of fire (left hand)
 v - a ring of resist corrosion (right hand)
Wands
 x - a wand of iceblast (8)
 y - a wand of digging (5)
Scrolls
 d - a scroll of acquirement {unknown}
 e - a scroll of summoning
 f - 2 scrolls of fear
 h - a scroll of immolation
 i - 2 scrolls of enchant weapon
 o - a scroll of fog {unknown}
 q - a scroll of magic mapping
 z - a scroll of identify
 A - a scroll of amnesia {unknown}
Potions
 p - a potion of berserk rage {unknown}
 s - a potion of haste
 u - a potion of lignification {unknown}
 w - a potion of flight {unknown}


   Skills:
 + Level 6.0 Fighting
 + Level 8.1 Axes
 + Level 7.8 Armour
 + Level 2.2 Dodging
 + Level 1.4 Stealth
 + Level 5.1 Shields
 + Level 0.1 Invocations
 * Level 4.5 Evocations


You had 8 spell levels left.
You didn't know any spells.
Your spell library was empty.

Dungeon Overview and Level Annotations

Branches:
Dungeon (7/15)             Temple (0/1) D:6

Altars:
Cheibriados
Dithmenos
Kikubaaqudgha
Nemelex Xobeh
Ru
Trog
Yredelemnul

Shops:
D:3 *   D:5 *


Innate Abilities, Weirdness & Mutations

You have a pair of horns on your head.
You reflexively headbutt those who attack you in melee.


Message History

You feel sick. You block the killer bee's attack.
The killer bee stings you but does no damage.
You feel sick. The killer bee stings you.
* * * LOW HITPOINT WARNING * * *
The killer bee closely misses you. You furiously retaliate!
You headbutt the killer bee.
You feel sick. You block the killer bee's attack.
You feel sick.
The killer bee stings you but does no damage.
The killer bee stings you.
* * * LOW HITPOINT WARNING * * *
You feel sick. The killer bee misses you. You furiously retaliate!
You headbutt the killer bee, but do no damage.
The killer bee barely misses you. You furiously retaliate!
You headbutt the killer bee!
You feel sick. The killer bee misses you. The killer bee stings you.
* * * LOW HITPOINT WARNING * * *
As you read the scroll of teleportation, it crumbles to dust.
You feel strangely unstable.
You feel sick.
You are no longer poisoned.
The killer bee stings you but does no damage.
The killer bee closely misses you. You furiously retaliate!
You headbutt the killer bee. The killer bee misses you.
The killer bee stings you.
* * * LOW HITPOINT WARNING * * *
You are lethally poisoned!
The killer bee poisons you! The killer bee stings you.
* * * LOW HITPOINT WARNING * * *
You are more poisoned.
The killer bee poisons you!
* * * LOW HITPOINT WARNING * * *
You feel very sick. You block the killer bee's attack.
The killer bee stings you but does no damage.
Unknown command.
Your surroundings suddenly seem different.
A vampire, an orc wizard and a five-headed hydra come into view.
Found 13 stones.
You die...
Your body rises from the dead as a mindless zombie.

####+#
#V...#
#....#
#.o@.#
#....#
#....#
#....#
#....#
#....#
+...D#
######


You could see a five-headed hydra (asleep), a vampire (dormant) and an orc
wizard (asleep).

Vanquished Creatures
  Grinder (D:5)
  An orc warrior (D:6)
  2 black bears (D:6)
  A hornet zombie (D:5)
  2 ice beasts (D:6)
  3 necrophages (D:4)
  A centaur (D:6)
  A kobold brigand (D:4)
  2 scorpions (D:5)
  3 killer bees (D:7)
  A howler monkey (D:6)
  2 orc priests (D:4)
  Crazy Yiuf (D:6)
  A centaur skeleton (D:6)
  3 iguanas
  3 orc wizards
  A hound skeleton (D:4)
  A gnoll (D:1)
  4 adders
  A shadow imp (D:6)
  An ufetubus (D:5)
  A worm (D:5)
  2 dart slugs
  10 orcs
  5 ball pythons
  5 bats
  5 endoplasms
  4 giant cockroaches
  4 goblins
  11 hobgoblins
  2 quokkas
  3 frilled lizards
  8 kobolds
  4 rats
100 creatures vanquished.

Vanquished Creatures (collateral kills)
  A water moccasin skeleton (D:5)
  A hound (D:5)
  A bullfrog skeleton (D:5)
  An orc (D:4)
  A quokka (D:5)
  2 kobolds (D:4)
7 creatures vanquished.

Vanquished Creatures (others)
  A killer bee zombie (D:7)
  A kobold zombie (D:4)
  A spectral shadow imp (D:6)
  2 hobgoblin zombies (D:4)
  A spectral ufetubus (D:5)
6 creatures vanquished.

Grand Total: 113 creatures vanquished

Notes
Turn   | Place    | Note
-------+----------+-------------------------------------------
     0 | D:1      | cbfl8 the Minotaur Fighter began the quest for the Orb.
     0 | D:1      | Reached XP level 1. HP: 19/19 MP: 0/0
   293 | D:1      | Reached XP level 2. HP: 27/27 MP: 1/1
   432 | D:1      | Found a faded altar of an unknown god.
   503 | D:1      | Reached XP level 3. HP: 32/34 MP: 2/2
   579 | D:1      | Reached skill level 3 in Axes
  1424 | D:2      | Reached XP level 4. HP: 17/41 MP: 3/3
  2129 | D:3      | Found Goucopp's Assorted Antiques.
  2163 | D:3      | Noticed a water moccasin
  2312 | D:3      | Found an ancient bone altar of Kikubaaqudgha.
  2734 | D:4      | Found a shadowy altar of Dithmenos.
  2792 | D:4      | Noticed a necrophage
  2794 | D:4      | Found a basalt altar of Yredelemnul.
  2800 | D:4      | Killed a necrophage
  2801 | D:4      | Reached skill level 4 in Axes
  2801 | D:4      | Reached skill level 1 in Evocations
  2801 | D:4      | Reached XP level 5. HP: 43/47 MP: 4/4
  2868 | D:4      | Became a worshipper of Yredelemnul the Dark
  2961 | D:4      | Reached XP level 6. HP: 35/53 MP: 5/5
  3194 | D:4      | Reached skill level 5 in Armour
  3194 | D:4      | Reached skill level 1 in Dodging
  3486 | D:4      | Reached * piety under Yredelemnul
  3487 | D:4      | Reached skill level 5 in Axes
  3833 | D:4      | Reached XP level 7. HP: 57/60 MP: 6/6
  4125 | D:5      | Entered Level 5 of the Dungeon
  4226 | D:5      | Reached skill level 1 in Stealth
  4348 | D:5      | Found Huarch's General Store.
  4379 | D:5      | Bought a scroll of magic mapping for 52 gold pieces
  4389 | D:5      | Reached skill level 5 in Fighting
  4577 | D:5      | Noticed Grinder
  4593 | D:5      | Killed Grinder
  4594 | D:5      | Reached skill level 6 in Axes
  4594 | D:5      | Reached XP level 8. HP: 68/68 MP: 7/7
  4623 | D:5      | Found a sparkling altar of Nemelex Xobeh.
  5077 | D:6      | Found a bloodstained altar of Trog.
  5100 | D:6      | Reached skill level 7 in Axes
  5100 | D:6      | Reached skill level 5 in Shields
  5364 | D:6      | Identified the +10 mace "Paagreg" {flame, Str+7}
  5370 | D:6      | Found a runed translucent door.
  5371 | D:6      | Noticed Crazy Yiuf
  5405 | D:6      | Found a snail-covered altar of Cheibriados.
  5730 | D:6      | Found a staircase to the Ecumenical Temple.
  5773 | D:6      | Reached ** piety under Yredelemnul
  6089 | D:6      | Found a sacrificial altar of Ru.
  6307 | D:6      | Reached skill level 8 in Axes
  6421 | D:6      | Killed Crazy Yiuf
  6953 | D:7      | Reached XP level 9. HP: 26/75 MP: 8/8
  6962 | D:7      | HP: 1/75 [poisoned by a killer bee]
  6963 | D:7      | Noticed a five-headed hydra
  6963 | D:7      | Succumbed to a killer bee's poison

Illustrated notes

Levels and vault maps discovered:
D:1:      grunt_arrival_lava_bath, layout_basic,
          shapermc_ecumenical_altar_starsandcircs, patterned_corridor
D:2:      layout_loops_ring
D:3:      layout_basic, old_standard_altar, serial_shops, shop,
          lightli_corner_chamber
D:4:      cheibrodos_thug_alley, layout_loops_ring, amcnicky_altar_gilded,
          nicolae_overflow_crystal_walls, serial_rivers,
          chequers_serial_rivers_large_b, chequers_serial_rivers_marsh,
          chequers_serial_rivers_small_b, chequers_serial_rivers_room_b,
          chequers_serial_rivers_micro_d, chequers_serial_rivers_micro_c,
          feat_on_display
D:5:      layout_basic, mainiacjoe_overflow_small_starburst, serial_shops, shop,
          uniq_grinder
D:6:      layout_basic, mainiacjoe_overflow_tiny_flanked, trog_ov_bears_minmay,
          mainiacjoe_overflow_alcove_1, temple_pool_b, uniq_crazy_yiuf_cottage
D:7:      minmay_klotski, layout_basic, nicolae_uskayaw_dance_studio,
          nicolae_overflow_hidden_temple, nicolae_zen_rock_garden

Skill      XL: |  1  2  3  4  5  6  7  8 |
---------------+-------------------------+-----
Fighting       | 4 5 6 |  6.0
Shields        | 4 5 |  5.1
Axes           | 3 4 5 6 8 |  8.1
Armour         | 4 5 6 7 |  7.8
Evocations     | 1 2 3 4 |  4.5
Dodging        | 1 2 |  2.2
Stealth        | 1 |  1.4
Invocations    | |  0.1

Action                   |  1- 3 |  4- 6 |  7- 9 || total
-------------------------+-------+-------+-------++-------
Melee: War axe           |    82 |    66 |   108 ||   256
       Headbutt          |    11 |     8 |    20 ||    39
Invok: Dark Bargain      |       |       |     2 ||     2
Evoke: Wand              |       |       |     6 ||     6
  Use: Potion            |       |     3 |     3 ||     6
       Scroll            |       |       |     6 ||     6
 Stab: Distracted        |       |       |     1 ||     1
Armor: Scale mail        |    46 |    25 |    59 ||   130
Dodge: Dodged            |    35 |    34 |    93 ||   162
Block: Buckler           |    23 |    11 |    31 ||    65
